Map: Dusty Gorge

Players

ILIEKEGGPIE - Winner!

  • Race: Protoss Protoss
  • League: Platinum
  • Spawn Location: 9:00

Seth - Winner!

  • Race: Terran Terran
  • League: Platinum
  • Spawn Location: 11:00

Lancien

  • Race: Terran Terran
  • Spawn Location: 3:00

STARGHOST

  • Race: Terran Terran
  • Spawn Location: 5:00

VOD

Have the link to the VOD?

Description

Time

  • Played on: May 29, 2018, 8:09 p.m.
  • Length: 18:31
Show
View Real Time Build Order
Export as new Build Order

ILIEKEGGPIE Protoss - Winner!

Build Orders:  

Get SALT Encoding   

  12  0:05  Probe  
  13  0:17  Probe  
  14  0:23  Pylon  
  14  0:27  Probe  
  15  0:37  Probe  
  16  0:44  Gateway  
  16  0:46  Probe  
  17  0:52  Assimilator  
  17  0:58  Probe  
  18  1:11  Probe  
  18  1:13  Gateway  
  19  1:20  Pylon  
  19  1:23  Probe  
  20  1:48  Cybernetics Core  
  20  1:59  Nexus  
  20  2:14  Assimilator  
  20  2:17  Probe  
  21  2:24  Stalker x2  
  21  2:29  Warp Gate  
  25  2:31  Probe  
  26  2:46  Gateway  
  26  2:56  Stalker  
  26  2:57  Stalker  
  30  3:07  Probe  
  30  3:11  Probe  
  31  3:14  Pylon  
  31  3:15  Probe  
  33  3:27  Pylon  
  33  3:29  Stalker  
  33  3:31  Probe  
  36  3:35  Probe  
  37  3:43  Probe  
  37  3:45  Stalker  
  40  3:49  Sentry  
  40  3:51  Probe  
  40  3:54  Probe  
  43  4:02  Probe  
  45  4:10  Probe  
  46  4:19  Probe  
  47  4:24  Robotics Facility  
  45  4:38  Sentry  
  47  4:44  Pylon  
  47  4:45  Pylon  
  47  4:48  Probe x2  
  47  5:00  Probe  
  44  5:11  Stalker x2  
  44  5:12  Stalker  
  44  5:14  Robotics Facility  
  50  5:16  Probe x2  
  50  5:19  Assimilator  
  52  5:28  Probe x2  
  54  5:40  Probe x2  
  56  5:42  Pylon  
  56  5:43  Pylon  
  56  5:47  Assimilator  
  56  5:52  Probe x2  
  56  6:00  Immortal  
  56  6:04  Immortal, Probe  
  65  6:19  Forge  
  65  6:22  Forge  
  65  6:24  Robotics Bay  
  65  6:27  Pylon  
  65  6:29  Pylon  
  65  6:31  Pylon  
  65  6:42  Probe x2  
  65  6:43  Immortal  
  71  6:50  Immortal  
  71  6:54  Probe x2  
  73  6:57  Nexus  
  73  6:59  Pylon  
  77  7:02  Pylon  
  77  7:08  Protoss Ground Weapons Level 1, Protoss Ground Armor Level 1  
  77  7:18  Assimilator  
  77  7:20  Twilight Council  
  77  7:22  Assimilator  
  77  7:27  Probe x2  
  79  7:34  Disruptor  
  82  7:39  Probe  
  83  7:44  Disruptor  
  86  8:04  Stalker x3  
  92  8:12  Pylon  
  92  8:16  Pylon  
  92  8:27  Pylon  
  92  8:30  Charge, Pylon  
  92  8:32  Pylon  
  92  8:35  Probe x3  
  92  8:39  Disruptor x2  
  101  8:47  Probe x3  
  104  8:59  Probe x3  
  104  9:01  Gateway  
  107  9:03  Gateway  
  107  9:11  Probe x2, Gateway  
  107  9:12  Templar Archives  
  107  9:15  Immortal x2  
  117  9:32  Probe x3  
  117  9:35  Pylon  
  117  9:36  Zealot x3  
  126  9:38  Protoss Ground Weapons Level 2, Pylon  
  126  10:02  Nexus  
  126  10:04  Pylon  
  126  10:06  Pylon  
  126  10:11  Pylon  
  126  10:14  Pylon  
  126  10:16  Protoss Ground Armor Level 2  
  126  10:17  Pylon  
  126  10:23  Disruptor x2  
  126  10:27  Psionic Storm  
  126  10:28  Gateway  
  132  10:30  Gateway  
  132  10:35  Gateway  
  132  10:36  Gateway  
  132  10:38  Gateway  
  132  10:42  Gateway  
  132  10:55  Zealot x2  
  132  10:56  Zealot x4  
  144  10:59  Disruptor  
  145  11:22  Colossus  
  147  11:29  Pylon  
  147  11:31  Stalker x3  
  149  11:32  Pylon  
  149  11:33  Stalker x2  
  149  11:34  Colossus, Stalker x3  
  149  11:38  Protoss Ground Weapons Level 3  
  165  11:43  Nexus  
  165  11:51  Assimilator  
  165  11:55  Assimilator  
  165  12:00  Extended Thermal Lance  
  165  12:03  Gateway  
  165  12:07  Robotics Facility  
  165  12:40  Pylon  
  165  12:42  Pylon  
  165  12:45  Pylon  
  165  13:07  Zealot  
  165  13:08  Zealot x4  
  165  13:09  Zealot x5  
  165  13:10  Zealot x2  
  189  13:13  Probe  
  190  13:34  Colossus  
  190  13:38  Protoss Ground Armor Level 3  
  196  13:51  Blink  
  192  14:15  Protoss Shields Level 1, Assimilator  
  192  14:17  Assimilator, Pylon  
  187  14:40  Pylon  
  187  14:42  Pylon  
  187  14:43  Colossus  
  187  14:45  Pylon  
  187  14:48  Colossus  
  128  15:17  High Templar x7  
  128  15:18  High Templar x3  
  128  15:19  High Templar x2  
  152  15:22  Colossus  
  152  15:32  Colossus  
  152  15:38  Nexus  
  152  15:42  Pylon  
  158  15:45  Colossus, Nexus  
  158  15:48  Pylon  
  170  15:57  Assimilator  
  170  16:00  Assimilator x2  
  170  16:04  Pylon  
  170  16:15  Zealot x2  
  170  16:16  Zealot  
  170  16:17  Zealot x6  
  170  16:18  Zealot x4  
  160  17:38  Archon x2  
  145  17:48  Stalker x3  
  145  17:49  Stalker x2  
  145  17:50  Stalker x2  
  157  17:51  Stalker x3  
  157  17:52  Stalker x3  
Show
View Real Time Build Order
Export as new Build Order

Seth Terran - Winner!

Build Orders: Cyclone Opening, MMM Bio 

Get SALT Encoding   

  12  0:01  SCV  
  13  0:17  Supply Depot  
  13  0:19  SCV  
  14  0:31  SCV  
  15  0:41  Barracks  
  15  0:43  SCV  
  16  0:51  Refinery  
  16  0:55  SCV  
  17  1:07  SCV  
  18  1:19  SCV  
  18  1:42  SCV  
  18  1:47  Marine  
  19  1:51  Barracks  
  20  1:54  SCV  
  20  1:55  Refinery  
  20  1:59  Factory  
  21  2:06  SCV  
  22  2:12  Marine  
  23  2:20  Supply Depot  
  23  2:21  Orbital Command  
  23  2:37  Supply Depot  
  23  2:38  Barracks Tech Lab  
  23  2:41  Marine  
  24  2:44  Cyclone  
  27  2:56  Concussive Shells  
  27  2:59  Marauder  
  27  3:03  SCV  
  30  3:34  Factory Tech Lab  
  30  3:35  Command Center  
  30  3:38  SCV  
  31  3:43  Stimpack  
  31  3:51  Marauder  
  29  4:16  Siege Tank  
  32  4:17  SCV  
  32  4:29  SCV  
  33  4:33  Marine x2  
  35  4:42  SCV  
  36  4:51  Marine x2  
  31  5:08  Cyclone  
  31  5:09  Marine x2  
  36  5:24  Starport  
  36  5:27  Marine x2  
  38  5:29  Orbital Command  
  38  5:44  Marine  
  38  5:45  Siege Tank, Marine  
  39  6:02  Marine x2  
  36  6:13  Starport Tech Lab  
  36  6:14  SCV  
  36  6:16  SCV  
  38  6:20  Marine x2  
  40  6:26  Combat Shield, SCV  
  40  6:28  SCV  
  40  6:30  Engineering Bay  
  45  6:36  Raven  
  45  6:38  SCV, Marine  
  46  6:40  Corvid Reactor, SCV  
  47  6:50  SCV  
  47  6:52  Starport  
  47  6:53  SCV  
  49  6:57  Refinery  
  49  7:03  SCV  
  49  7:05  SCV  
  49  7:07  Hi-Sec Auto Tracking  
  49  7:08  Barracks Reactor  
  51  7:14  Missile Turret  
  51  7:15  Refinery, SCV  
  52  7:17  SCV  
  53  7:27  Raven, SCV  
  53  7:29  SCV  
  57  7:39  Starport Tech Lab, SCV  
  57  7:41  SCV  
  59  7:46  Marine x2  
  62  7:51  SCV  
  62  7:56  Command Center  
  62  8:02  Supply Depot  
  62  8:08  Siege Tank, Raven, SCV, Marine  
  69  8:17  Marine  
  70  8:23  Raven, Marine  
  70  8:24  Supply Depot, SCV  
  74  8:36  SCV, Structure Armor  
  74  8:37  Marine x2  
  77  8:41  Marine  
  77  8:47  Supply Depot  
  77  8:48  Siege Tank  
  81  8:55  Marine x2  
  81  8:59  Marine  
  81  9:01  Missile Turret  
  84  9:12  Engineering Bay, Missile Turret  
  84  9:13  Marine  
  85  9:27  Missile Turret  
  85  9:30  Orbital Command  
  85  9:33  Medivac  
  85  9:34  Marine x3  
  85  9:36  Widow Mine  
  92  9:42  Barracks  
  92  9:52  Marine x2  
  94  10:25  Marine x2  
  94  10:26  Marine  
  94  10:28  Widow Mine  
  99  10:30  Medivac x2  
  99  10:31  Barracks  
  99  10:34  Barracks Reactor  
  103  10:36  Terran Infantry Weapons Level 1  
  103  10:38  Terran Infantry Armor Level 1  
  103  10:43  Marine x3  
  103  10:45  Armory x2  
  103  10:46  Refinery  
  103  10:47  Refinery  
  106  10:51  SCV x3  
  109  11:01  Marine  
  109  11:03  SCV x2  
  114  11:04  Widow Mine  
  114  11:05  Medivac  
  116  11:13  Marine x4  
  116  11:16  Factory  
  116  11:17  Viking  
  122  11:19  Marine  
  123  11:29  Widow Mine  
  123  11:32  Barracks Reactor  
  125  11:47  Terran Vehicle And Ship Armor Level 1  
  125  11:48  Terran Vehicle Weapons Level 1  
  125  11:50  Drilling Claws  
  125  11:56  Marine x5  
  125  11:57  Widow Mine  
  125  11:59  Barracks  
  132  12:02  Barracks  
  132  12:03  Barracks  
  132  12:05  Supply Depot  
  132  12:14  Marine  
  133  12:18  Widow Mine  
  131  12:28  SCV  
  132  12:30  Missile Turret  
  132  12:40  Widow Mine, SCV  
  135  12:45  Factory Tech Lab  
  135  12:47  High Capacity Fuel Tanks  
  135  12:49  Terran Infantry Weapons Level 2  
  135  12:50  Terran Infantry Armor Level 2  
  135  12:51  Missile Turret  
  135  12:52  SCV  
  135  12:56  Fusion Core, Barracks Reactor x3  
  136  13:19  Marine x6  
  141  13:20  Marine  
  141  13:21  Viking  
  145  13:31  Siege Tank x2  
  151  13:35  Command Center  
  151  13:37  Marine x4  
  155  13:43  Terran Vehicle And Ship Armor Level 2  
  155  13:52  Supply Depot  
  155  13:54  Terran Vehicle Weapons Level 2, Supply Depot  
  155  13:56  Supply Depot  
  155  14:16  Marine x7  
  155  14:17  Marine x2  
  162  14:18  Siege Tank x2, Supply Depot  
  168  14:36  Marine x2  
  168  14:37  Marine x5  
  175  14:49  Planetary Fortress  
  175  14:50  Siege Tank x2, Marine x6  
  187  14:56  Missile Turret  
  166  15:15  Missile Turret  
  119  15:29  Marine x5  
  119  15:30  Marine x7  
  119  15:31  Marine  
  121  15:37  Missile Turret  
  120  15:47  Marine x7  
  120  15:48  Marine x6  
  133  15:53  Medivac  
  133  15:54  Medivac  
  131  16:04  Marine  
  131  16:05  Marine x5  
  137  16:23  Medivac x2  
  131  16:56  Marine x4  
  131  16:57  Marine x6  
  131  16:58  Marine x3  
  139  17:22  Medivac x2  
  143  17:24  Marine x7  
  143  17:25  Marine x6  
  156  17:41  Marine  
  156  17:42  Marine x7  
  156  17:43  Marine x4  
  166  17:52  Medivac x2  
Show
View Real Time Build Order
Export as new Build Order

Lancien Terran 

Build Orders: MMM Bio 

Get SALT Encoding   

  12  0:01  SCV  
  13  0:13  SCV  
  14  0:19  Supply Depot  
  14  0:25  SCV  
  15  0:30  Refinery  
  15  0:40  SCV  
  16  0:47  Barracks  
  16  0:56  Supply Depot  
  16  1:02  SCV  
  17  1:14  SCV  
  18  1:26  SCV  
  18  1:30  Supply Depot  
  19  1:39  Barracks  
  19  1:42  Reaper  
  19  1:56  Barracks  
  20  2:01  SCV  
  20  2:14  Reaper  
  21  2:17  Barracks  
  21  2:21  SCV  
  22  2:32  Refinery  
  22  2:35  Supply Depot  
  22  2:40  Reaper  
  22  2:43  Reaper  
  24  2:46  Reaper  
  24  2:50  Orbital Command  
  25  3:03  Engineering Bay  
  25  3:06  Barracks Reactor  
  25  3:16  Barracks Tech Lab  
  25  3:19  SCV  
  26  3:21  Barracks Tech Lab  
  26  3:22  Barracks Reactor  
  26  3:35  Stimpack  
  26  3:36  Marine  
  27  3:44  Missile Turret  
  27  3:47  Combat Shield  
  27  3:50  Marine  
  27  3:54  Marine  
  27  4:22  Marine x6  
  31  4:39  Marine  
  31  4:40  Marine x4  
  35  4:59  Terran Infantry Weapons Level 1  
  35  5:06  Supply Depot, Command Center  
  35  5:14  SCV  
  36  5:24  Barracks Reactor  
  36  5:25  Factory  
  36  5:26  SCV  
  37  5:36  Supply Depot  
  37  5:38  SCV  
  38  5:47  Barracks Reactor  
  38  5:48  Factory  
  38  5:50  SCV  
  29  6:06  Marine x6  
  35  6:15  Siege Tank  
  38  6:24  Marine  
  40  6:27  Supply Depot  
  39  6:35  Orbital Command  
  39  6:41  Barracks Reactor  
  39  6:54  Siege Tank, Barracks Reactor  
  39  7:00  Starport  
  42  7:08  Starport  
  42  7:15  Terran Infantry Armor Level 1  
  42  7:17  SCV  
  43  7:25  Refinery  
  43  7:27  Refinery, SCV  
  43  7:29  SCV  
  45  7:40  Supply Depot  
  45  7:41  SCV  
  46  7:49  Missile Turret  
  46  7:50  Missile Turret  
  46  7:53  SCV  
  46  7:57  SCV  
  48  8:05  SCV  
  49  8:09  SCV  
  49  8:12  Missile Turret, Marine x4  
  54  8:13  Marine  
  54  8:17  SCV  
  56  8:21  SCV  
  56  8:24  Starport  
  57  8:29  SCV  
  57  8:31  Starport  
  58  8:36  Starport  
  58  8:38  SCV  
  59  8:41  SCV  
  59  8:46  Medivac  
  59  8:47  Medivac  
  64  8:49  Medivac  
  69  8:55  Siege Tank  
  69  9:02  Marine  
  69  9:03  Marine x4  
  69  9:09  Starport Reactor x2  
  73  9:16  Armory  
  73  9:21  Engineering Bay  
  73  9:22  Medivac  
  75  9:24  Medivac  
  77  9:34  Supply Depot  
  77  9:36  Supply Depot  
  77  9:40  Supply Depot  
  77  9:44  Starport Reactor  
  77  9:45  Supply Depot  
  77  9:55  Medivac  
  66  10:25  Viking x6  
  78  10:33  Terran Infantry Weapons Level 2  
  78  10:46  Supply Depot  
  78  10:51  Supply Depot x2  
  78  10:52  Terran Ship Weapons Level 1  
  78  10:55  Viking x2  
  82  11:01  Supply Depot  
  82  11:03  Supply Depot  
  82  11:05  Supply Depot  
  82  11:24  Marine  
  82  11:25  Marine x7  
  90  11:42  Marine  
  90  11:43  Marine x5  
  90  11:44  Command Center  
  96  11:53  Marine x2  
  98  12:00  Marine x5  
  98  12:01  Terran Infantry Armor Level 2, Marine  
  104  12:10  Marine  
  104  12:11  Marine  
  106  12:18  Marine x2  
  94  12:25  Marine  
  94  12:26  Marine x3  
  94  12:28  Marine  
  94  12:29  Marine  
  100  12:35  Marine  
  100  12:36  Marine  
  100  12:41  Siege Tank  
  100  12:42  Siege Tank  
  100  12:43  Marine x4  
  110  12:46  Marine, Viking  
  110  12:47  Viking  
  115  12:55  Terran Infantry Weapons Level 3  
  115  13:04  Viking  
  115  13:05  Viking  
  119  13:09  Terran Ship Weapons Level 2  
  119  13:31  Orbital Command  
  119  13:32  Viking  
  119  13:33  Viking x2  
  125  13:49  Marine x7  
  125  13:50  Orbital Command, Marine  
  133  14:07  Marine x5  
  138  14:14  Marine x3  
  141  14:24  Marine  
  141  14:25  Marine x4  
  139  14:32  Marine x3  
  142  14:42  Marine  
  142  14:43  Marine x3  
  56  15:32  Marine x8  
  56  15:34  Siege Tank  
  61  15:38  Orbital Command  
  61  15:49  Marine  
  61  15:50  Marine x7  
  69  16:07  Marine  
  69  16:08  Marine x7  
  69  16:10  Siege Tank x2  
  83  16:12  Medivac x5  
  83  16:13  Medivac x3  
  99  16:25  Marine x4  
  100  16:26  Marine x4  
  88  16:42  Siege Tank x2  
  88  16:43  Marine x4  
  86  17:00  Viking x9  
  96  17:01  Marine x4  
  77  17:31  Viking x4  
  77  17:32  Viking x3  
Show
View Real Time Build Order
Export as new Build Order

STARGHOST Terran 

Build Orders: Cyclone Opening, Mech 

Get SALT Encoding   

  12  0:01  SCV  
  13  0:14  SCV  
  14  0:21  Supply Depot  
  14  0:27  Refinery  
  14  0:31  SCV  
  15  0:43  SCV  
  15  0:48  Barracks  
  16  0:55  SCV  
  17  1:00  Refinery  
  17  1:07  SCV  
  18  1:19  SCV  
  19  1:31  SCV  
  20  1:39  Supply Depot  
  20  1:41  Barracks Reactor  
  20  1:46  Factory  
  20  1:56  Supply Depot, SCV  
  21  2:09  SCV  
  22  2:40  Cyclone  
  22  2:41  Cyclone  
  28  3:04  Command Center  
  28  3:13  Cyclone  
  28  3:17  Cyclone  
  34  3:26  Supply Depot  
  34  3:29  SCV  
  34  3:31  Marine  
  36  3:43  SCV  
  37  4:02  Cyclone x2  
  43  4:06  SCV  
  28  5:11  Cyclone  
  28  5:12  Cyclone, Marine  
  32  5:15  SCV  
  32  5:17  SCV  
  34  5:21  Refinery  
  34  5:25  Factory  
  34  5:27  SCV  
  35  5:29  SCV  
  35  5:31  Starport, Barracks Tech Lab  
  36  5:44  Cyclone x2  
  36  5:46  Refinery  
  36  5:47  SCV  
  43  5:59  SCV  
  44  6:11  SCV  
  44  6:16  Cyclone x2  
  51  6:34  Starport Reactor  
  51  6:38  SCV  
  52  6:40  SCV  
  52  6:46  Armory  
  53  6:50  SCV  
  53  6:51  Siege Tank, Factory  
  53  6:52  SCV  
  58  7:02  SCV  
  58  7:04  Widow Mine, SCV  
  62  7:11  Supply Depot  
  62  7:17  Barracks Tech Lab  
  62  7:24  Factory  
  62  7:33  Widow Mine  
  64  7:39  Siege Tank  
  64  7:42  Stimpack  
  64  7:43  Marauder  
  69  7:54  Supply Depot  
  69  7:55  Factory Tech Lab  
  69  7:56  Supply Depot  
  69  7:58  Liberator  
  69  8:16  Siege Tank, Factory Tech Lab  
  75  8:27  Command Center  
  75  8:29  Factory  
  75  8:41  Orbital Command  
  75  8:57  Viking  
  75  8:58  Viking  
  75  8:59  Terran Vehicle Weapons Level 1  
  79  9:03  Supply Depot  
  79  9:06  Engineering Bay  
  79  9:09  SCV  
  80  9:14  Factory Tech Lab  
  80  9:18  Siege Tank  
  80  9:21  SCV  
  84  9:32  Supply Depot x2  
  84  9:45  Missile Turret  
  84  9:46  Siege Tank  
  84  9:47  Siege Tank  
  84  9:50  Marauder  
  92  10:30  Planetary Fortress  
  92  10:42  Missile Turret  
  92  10:58  Missile Turret  
  92  11:04  Missile Turret  
  92  11:14  Missile Turret  
  92  11:17  Missile Turret  
  90  11:43  Missile Turret  
  90  11:53  Missile Turret  
  90  11:57  SCV  
  90  11:59  Missile Turret  
  94  12:01  Siege Tank x3  
  94  12:02  Thor  
  94  12:03  Cyclone  
  94  12:04  Cyclone  
  94  12:06  SCV  
  113  12:09  SCV  
  114  12:18  SCV  
  114  12:19  Barracks  
  114  12:21  SCV  
  116  12:30  SCV  
  116  12:33  SCV  
  118  12:42  SCV  
  119  12:45  SCV  
  120  12:52  Concussive Shells  
  120  12:54  SCV  
  121  12:58  Terran Infantry Weapons Level 1  
  121  13:09  Supply Depot  
  121  13:10  Barracks Reactor  
  121  13:12  Supply Depot  
  121  13:13  Terran Vehicle Weapons Level 2  
  121  13:22  Armory  
  121  13:27  Refinery x2  
  121  13:30  Thor x2  
  121  13:33  Thor  
  139  13:40  Supply Depot  
  139  13:48  Supply Depot  
  139  14:01  Smart Servos, Thor, Supply Depot  
  145  14:13  Thor x2  
  79  16:01  Viking x2  
  83  16:05  Siege Tank x2  
  83  16:06  Siege Tank x2  
  83  16:09  Marine x2  
  83  16:10  Marine  
  98  16:13  Terran Vehicle And Ship Armor Level 1  
  92  16:27  Marine x3  
  92  16:31  Viking x2  
  93  16:45  Marine x3  
  72  17:03  Marine x3  
  71  17:21  Marine  
  43  17:48  Marine x2  
  43  17:49  Marine  
  50  18:06  Marine x2  
Tags
 
Add a new tag
Caveats
  • Supply blocks, unpowered buildings, or Contaminate may cause inaccurate times.
  • Supply counts are checked every 10 seconds.